 Dungeon Crawl Stone Soup version 0.29.1-15-g9cfb28693d (webtiles) character file.

Game seed: 9750195476544486246

51 protoss039 the Digger (level 3, -1/27 HPs)
             Began as a Demonspawn Earth Elementalist on Mar 1, 2023.
             Slain by a scorpion (6 damage)
             ... on level 5 of the Dungeon.
             The game lasted 00:02:27 (1798 turns).

protoss039 the Digger (DsEE)                        Turns: 1798, Time: 00:02:27

Health: -1/27      AC:  2    Str:  8    XL:     3   Next: 57%
Magic:  4/7        EV: 11    Int: 18    God:
Gold:   96         SH:  3    Dex: 13    Spells: 4/7 levels left

rFire   . . .      SeeInvis .   c - +0 short sword
rCold   . . .      Faith    .   h - +0 buckler
rNeg    . . .      Spirit   .   a - +0 robe
rPois   .          Reflect  .   (helmet restricted)
rElec   .          Harm     .   (no cloak)
rCorr   .          Rampage  .   (no gloves)
Will    .....                   (no boots)
Stlth   ++........              (no amulet)
HPRegen 0.09/turn               (no ring)
MPRegen 0.10/turn               (no ring)

@: very slightly contaminated
A: horns 1, sturdy frame 1
a: no special abilities


You were on level 5 of the Dungeon.
You visited 1 branch of the dungeon, and saw 4 of its levels.

You collected 96 gold pieces.

Inventory:

Hand Weapons
 c - a +0 short sword (weapon)
Armour
 a - a +0 robe (worn)
 h - a +0 buckler (worn)
Jewellery
 m - an amulet of magic regeneration
Wands
 l - a wand of polymorph (13)
Scrolls
 e - a scroll of identify {unknown}
 f - a scroll of poison {unknown}
 g - a scroll of teleportation {unknown}
 i - a scroll of torment {unknown}
 j - a scroll of enchant weapon {unknown}
 k - a scroll of butterflies {unknown}
Potions
 b - a potion of magic
 d - 2 potions of curing


   Skills:
 + Level 1.6 Fighting
 - Level 1.7 Dodging
 - Level 1.7 Stealth
 + Level 2.7 Spellcasting
 - Level 0.8 Transmutations
 + Level 3.2 Earth Magic


You had 4 spell levels left.
You knew the following spells:

 Your Spells              Type           Power      Damage    Failure   Level
a - Sandblast             Erth           28%        2d8       6%          1
b - Passwall              Tmut/Erth      7%         N/A       16%         2

Your spell library contained the following spells:

 Spells                   Type           Power      Damage    Failure   Level
 Stone Arrow              Conj/Erth      16%        3d8       34%         3
 Petrify                  Tmut/Erth      9%         N/A       69%         4


Dungeon Overview and Level Annotations

Branches:
Dungeon (5/15) Zot: 22172
 Temple: D:4-7

Altars:


Innate Abilities, Weirdness & Mutations

You have a pair of small horns on your head.
Your movements are slightly less encumbered by armour. (ER -2)


Message History

You climb downwards.
Found a falchion.
There is a stone staircase leading up here.
Unknown command.
Casting: Sandblast (safe; 6% risk of failure)
Confirm with . or Enter, or press ? or * to list all spells.
Aiming: Sandblast (safe; 6% risk of failure)
Press: ? - help, Shift-Dir - straight line, f - endoplasm
Aim: an endoplasm (98% to hit)
You miscast Sandblast.
You are very lightly contaminated with residual magic.
Nothing appears to happen.
The endoplasm misses you. The scorpion barely misses you.
Unknown command.
Casting: Sandblast (safe; 6% risk of failure)
Confirm with . or Enter, or press ? or * to list all spells.
Aiming: Sandblast (safe; 6% risk of failure)
Press: ? - help, Shift-Dir - straight line, f/p - endoplasm
Aim: an endoplasm (98% to hit)
The blast of sand hits the endoplasm!
You kill the endoplasm!
The scorpion stings you!
* * * LOW HITPOINT WARNING * * *
You are lethally poisoned!
The scorpion poisons you! The scorpion stings you.
* * * LOW HITPOINT WARNING * * *
Unknown command.
It was a potion of curing.
You feel better. The scorpion closely misses you.
Unknown command.
Casting: Sandblast (safe; 6% risk of failure)
Confirm with . or Enter, or press ? or * to list all spells.
Aiming: Sandblast (safe; 6% risk of failure)
Press: ? - help, Shift-Dir - straight line, f - scorpion
Aim: a scorpion (82% to hit)
The blast of sand hits the scorpion.
The scorpion is lightly wounded.
The scorpion stings you.
* * * LOW HITPOINT WARNING * * *
The scorpion stings you.
You die...

###########
..........#
#........#####
##.............
........s..#
#...).@...#
#........##
..........#
#.######### #


You could see a scorpion.

Vanquished Creatures
  A worm (D:2)
  2 dart slugs
  An orc (D:2)
  6 endoplasms
  A giant cockroach (D:1)
  4 goblins (D:1)
  5 hobgoblins
  3 kobolds
  A quokka (D:1)
  3 ball pythons
  6 bats
  3 frilled lizards (D:1)
  4 rats (D:1)
40 creatures vanquished.

Vanquished Creatures (others)
  10 plants (D:4)
10 creatures vanquished.

Grand Total: 50 creatures vanquished

Notes
Turn   | Place    | Note
-------+----------+-------------------------------------------
     0 | D:1      | protoss039 the Demonspawn Earth Elementalist began the
                  | quest for the Orb.
     0 | D:1      | Reached XP level 1. HP: 13/13 MP: 3/3
   371 | D:1      | Gained mutation: Your movements are slightly less
                  | encumbered by armour. (ER -2) [demonic ancestry]
   371 | D:1      | Reached XP level 2. HP: 17/20 MP: 0/5
   639 | D:1      | Reached skill level 3 in Earth Magic
   673 | D:1      | Reached skill level 1 in Fighting
   922 | D:1      | Gained mutation: You have a pair of small horns on your
                  | head. [demonic ancestry]
   922 | D:1      | Reached XP level 3. HP: 26/26 MP: 4/6
  1274 | D:2      | Learned a level 2 spell: Passwall
  1692 | D:2      | You fall into a shaft and drop 2 floors!
  1771 | D:4      | Noticed a scorpion
  1794 | D:5      | Entered Level 5 of the Dungeon
  1798 | D:5      | Slain by a scorpion

Illustrated notes

Levels and vault maps discovered:
D:1:      dpeg_arrival_shelter, layout_basic, minmay_tall_x
D:2:      layout_basic, hellmonk_ecumenical_altar_blasted, minmay_tromino_v7
D:4:      layout_cave_pools, grunt_temple_overflow_growth_and_decay,
          chequers_jeans, kennysheep_boxes
D:5:      layout_loops_cross, uniq_blork_the_orc

Skill      XL: |  1  2 |
---------------+-------+-----
Earth Magic    | 3 |  3.2
Fighting       | 1 |  1.6
Dodging        | |  1.7
Stealth        | |  1.7
Spellcasting   | |  2.7
Transmutations | |  0.8

Action                   || total
-------------------------++-------
Melee: Short sword       ||    15
       Headbutt          ||     1
 Cast: Sandblast         ||    56
  Use: Potion            ||     1
Armor: Robe              ||     7
Dodge: Dodged            ||    34
Block: Buckler           ||     2
